 Dungeon Crawl Stone Soup version 0.30-a0-867-g305f33218d (webtiles) character file.

Game seed: 10691264958948700269

15620 Pimp the Nimble (level 12, -7/86 HPs)
             Began as a Djinni Fire Elementalist on Mar 10, 2023.
             Was a Believer of Makhleb.
             Mangled by a boulder beetle (48 damage)
             ... on level 1 of the Lair of Beasts on Mar 11, 2023.
             The game lasted 00:57:00 (12583 turns).

Pimp the Nimble (Djinni Fire Elementalist)         Turns: 12583, Time: 00:57:01

Health: -7/86      AC:  6    Str: 11    XL:     12   Next: 59%
Gold:   765        EV: 21    Int: 20    God:    Makhleb [**....] SH:  0 Dex: 14

rFire   + + .      SeeInvis +    G - +6 falchion (protect)
rCold   x . .      Faith    +    (no shield)
rNeg    . . .      Spirit   .    F - +0 troll leather armour
rPois   ∞          Reflect  .    j - +1 helmet
rElec   .          Rampage  .    (no cloak)
rCorr   .                        (no gloves)
Will    +....                    (boots unavailable)
Stlth   ++++                     e - amulet of faith
HPRegen 1.14/turn                m - ring of see invisible
MPRegen 0.00/turn                D - ring "Kuplymibb" {EV+5 Str+2}

@: flying
A: sickness immunity, fire resistance 2, cold vulnerability 1, float, innate
caster, HP casting, extra vitality 1
a: Renounce Religion, Minor Destruction


You were on level 1 of the Lair of Beasts.
You worshipped Makhleb.
Makhleb was pleased with you.
You visited 3 branches of the dungeon, and saw 13 of its levels.
You also visited: Sewer.

You collected 765 gold pieces.

Inventory:

Hand Weapons
 p - a +1 long sword of flaming
 x - a +6 short sword of draining
 z - a +4 scimitar of flaming
 B - a +2 heavy shortbow
 G - a +6 falchion of protection (weapon)
Missiles
 d - 5 boomerangs
 k - 5 curare-tipped darts
Armour
 a - a +0 robe
 j - a +1 helmet (worn)
 t - +0 steam dragon scales
 F - a +0 troll leather armour (worn)
Jewellery
 b - an amulet of regeneration
 e - an amulet of faith (around neck)
 h - a ring of resist corrosion
 m - a ring of see invisible (left hand)
 u - a ring of ice
 D - the ring "Kuplymibb" (right hand) {EV+5 Str+2}
   (You found it on level 10 of the Dungeon)

   [ring of evasion]

   EV:        It affects your evasion (+5).
   Str:       It affects your strength (+2).
Wands
 f - a wand of flame (25)
 l - a wand of charming (13)
Scrolls
 o - 6 scrolls of teleportation
 v - 4 scrolls of fog
 w - 11 scrolls of identify
 y - 2 scrolls of immolation
 E - a scroll of magic mapping
 H - a scroll of blinking
Potions
 c - 2 potions of heal wounds
 i - 4 potions of curing
 n - 3 potions of resistance
 q - a potion of attraction
 r - 2 potions of magic
 s - 4 potions of lignification
 A - 2 potions of cancellation
 C - a potion of brilliance


   Skills:
 + Level 8.0 Fighting
 + Level 6.9 Short Blades
 + Level 2.1 Ranged Weapons
 + Level 10.1 Dodging
 - Level 8.0 Stealth
 * Level 7.7 Spellcasting
 * Level 4.2 Invocations


You knew the following spells:

 Your Spells              Type           Power      Damage    Failure   Level
a - Foxfire               Conj/Fire      100%       2x1d9     1%          1
b - Scorch                Fire           76%        2d9       1%          2
c - Kindle Blastsparks    Fire/Tloc/Air  76%        2d16      1%          3
d - Inner Flame           Hex/Fire       38%        N/A       1%          3
e - Flame Wave            Conj/Fire      38%        2d10      4%          4
f - Sting                 Tmut/Pois      100%       1d8       1%          1
g - Momentum Strike       Conj/Tloc      76%        3d10      1%          2
h - Poisonous Vapours     Pois/Air       76%        N/A       1%          2
i - Passage of Golubria   Tloc           38%        N/A       4%          4
j - Fireball              Conj/Fire      19%        3d9       14%         5
Your spell library was empty.

Dungeon Overview and Level Annotations

Branches:
Dungeon (11/15)            Temple (1/1) D:7            Lair (1/5) D:11
    Orc (0/2) D:10          Sewer (visited)

Altars:
Ashenzari
Cheibriados
Dithmenos
Elyvilon
Fedhas
Gozag
Hepliaklqana
Makhleb
Nemelex Xobeh
Okawaru
Qazlal
Ru
Trog
Uskayaw
Wu Jian
Xom
Yredelemnul
Zin
The Shining One

Shops:
D:2 (


Innate Abilities, Weirdness & Mutations

You are immune to sickness and miasma.
You are immune to poison.
Your flesh is very heat resistant. (rF++)
You are vulnerable to cold. (rC-)
You float through the air rather than walking.
You learn spells naturally, not from books.
Your magical power is your life essence.
You have superior vitality. (+4 MHP)


Message History

Confirm with . or Enter, or press ? or * to list all spells.
You miscast Kindle Blastsparks.
You are very lightly contaminated with residual magic.
Nothing appears to happen.
The boulder beetle attacks as you move away!
The boulder beetle barely misses you.
Casting: Kindle Blastsparks (safe; 1% risk of failure)
Confirm with . or Enter, or press ? or * to list all spells.
A cloud of volatile blastsparks flares up around you!
The boulder beetle closely misses you.
The boulder beetle curls into a ball and begins rolling!
The cloud of blastsparks explodes!
The concussive blast engulfs the boulder beetle!
The boulder beetle is severely wounded.
Casting: Kindle Blastsparks (safe; 1% risk of failure)
Confirm with . or Enter, or press ? or * to list all spells.
A cloud of volatile blastsparks flares up around you!
The boulder beetle misses you.
The boulder beetle stops rolling and uncurls.
The boulder beetle attacks as you move away!
The boulder beetle bites you!
The cloud of blastsparks explodes!
The concussive blast engulfs the boulder beetle!
The boulder beetle is almost dead.
The concussive blast engulfs you. You resist.
You are knocked back by the blast.
The boulder beetle leaps!
Your magical contamination has completely faded away.
Casting: Kindle Blastsparks (safe; 1% risk of failure)
Confirm with . or Enter, or press ? or * to list all spells.
A cloud of volatile blastsparks flares up around you!
The boulder beetle curls into a ball and begins rolling!
The cloud of blastsparks explodes!
The concussive blast engulfs the boulder beetle but does no damage.
The boulder beetle is almost dead.
Casting: Kindle Blastsparks (safe; 1% risk of failure)
Confirm with . or Enter, or press ? or * to list all spells.
A cloud of volatile blastsparks flares up around you!
The boulder beetle hits you!!!
Ouch! That really hurt!
You die...

..........[....#..........
......†..........#######.#.#..
.................# #.#.#.#
.................# #.#...#
.................# +...#.#
.................# #.#.#.##
.................# #.#.#..###
........:........#######.....#..#
............°°○B@............†.†.
#>........................######.
...............#..###.##### ##
.............##.### ###
##.###..#...##### ######.# ... ..


You could see a boulder beetle (rolling).

Vanquished Creatures
  Harold (D:9)
  Erica (D:9)
  5 two-headed ogres
  A lindwurm (Lair:1)
  2 black mambas (Lair:1)
  Maggie (D:6)
  2 komodo dragons
  4 trolls
  A dream sheep (Lair:1)
  Sigmund (D:5)
  2 shadows
  15 yaks
  A wyvern (D:8)
  A steam dragon (D:9)
  A wraith (D:8)
  3 vampire mosquitoes (D:11)
  5 water moccasins
  An acid dragon (D:10)
  4 orc warriors
  An ice beast (D:5)
  4 black bears
  2 ogres
  A sky beast (D:7)
  2 wolves (D:11)
  5 centaurs
  A phantom (D:5)
  A kobold brigand (D:8)
  8 bullfrogs
  4 scorpions
  9 wights
  4 killer bees (D:7)
  2 electric eels (D:11)
  6 howler monkeys
  A jelly (D:6)
  A gnoll bouda (D:7)
  7 orc priests
  8 hounds
  3 iguanas (D:5)
  9 orc wizards
  8 gnolls
  11 adders
  3 river rats (Sewer)
  4 worms
  3 dart slugs
  39 orcs
  22 ball pythons
  10 endoplasms
  3 giant cockroaches
  5 goblins
  5 hobgoblins
  4 jackals (D:1)
  6 quokkas
  6 bats
  3 frilled lizards
  7 kobolds
  39 rats
309 creatures vanquished.

Vanquished Creatures (collateral kills)
  A foxfire (D:1)
1 creature vanquished.

Vanquished Creatures (others)
  470 foxfires
  A fungus (Lair:1)
  3 plants (Lair:1)
474 creatures vanquished.

Grand Total: 784 creatures vanquished

Notes
Turn   | Place    | Note
-------+----------+-------------------------------------------
     0 | D:1      | Pimp the Djinni Fire Elementalist began the quest for the
                  | Orb.
     0 | D:1      | Pimp set off with the following spells memorised: Foxfire,
                  | Scorch, Kindle Blastsparks, Inner Flame, Flame Wave.
     0 | D:1      | Reached XP level 1. HP: 15/15 MP: 0/0
   167 | D:1      | You are sucked into a shaft and drop 1 floor!
   174 | D:2      | Found Winuz's Antique Weapon Emporium.
   193 | D:2      | Reached XP level 2. HP: 20/21 MP: 0/0
   470 | D:2      | Reached XP level 3. HP: 24/25 MP: 0/0
   470 | D:2      | Learned a level 1 spell: Sting
   909 | D:1      | Reached skill level 3 in Dodging
  1184 | D:1      | Reached XP level 4. HP: 30/31 MP: 0/0
  1867 | D:2      | Reached XP level 5. HP: 23/35 MP: 0/0
  1867 | D:2      | Learned a level 2 spell: Momentum Strike
  2811 | D:3      | Found a glowing drain.
  2822 | Sewer    | Entered a sewer
  3007 | Sewer    | Reached skill level 4 in Dodging
  3021 | Sewer    | Reached XP level 6. HP: 28/40 MP: 0/0
  3167 | Sewer    | Reached XP level 7. HP: 42/45 MP: 0/0
  3167 | Sewer    | Learned a level 2 spell: Poisonous Vapours
  3343 | D:4      | Reached skill level 5 in Dodging
  3716 | D:4      | Reached skill level 1 in Fighting
  3772 | D:5      | Entered Level 5 of the Dungeon
  3774 | D:5      | Noticed a water moccasin
  3808 | D:5      | Reached XP level 8. HP: 35/52 MP: 0/0
  3942 | D:5      | Found a glowing silver altar of Zin.
  3942 | D:5      | Noticed an angel
  4250 | D:5      | Noticed Sigmund
  4291 | D:5      | Reached skill level 1 in Short Blades
  4302 | D:5      | Killed Sigmund
  4303 | D:5      | Reached skill level 6 in Dodging
  4354 | D:5      | Reached skill level 5 in Stealth
  4606 | D:5      | Found a glowing golden altar of the Shining One.
  5090 | D:6      | Found a sacrificial altar of Ru.
  5131 | D:6      | Found an opulent altar of Gozag.
  5136 | D:6      | Reached XP level 9. HP: 49/61 MP: 0/0
  5136 | D:6      | Learned a level 4 spell: Passage of Golubria
  5272 | D:6      | Reached skill level 5 in Spellcasting
  5301 | D:6      | Noticed a two-headed ogre
  5365 | D:6      | Killed a two-headed ogre
  5366 | D:6      | Reached skill level 7 in Dodging
  5701 | D:6      | Noticed Maggie
  5724 | D:6      | Killed Maggie
  5725 | D:6      | Reached XP level 10. HP: 68/69 MP: 0/0
  6133 | D:7      | Reached skill level 5 in Fighting
  6425 | D:7      | Found a hide-covered altar of Uskayaw.
  6425 | D:7      | Found a basalt altar of Yredelemnul.
  6431 | D:7      | Found a broken altar of Ashenzari.
  6458 | D:7      | Reached skill level 8 in Dodging
  6633 | D:7      | Found a staircase to the Ecumenical Temple.
  6701 | Temple   | Entered the Ecumenical Temple
  7949 | D:8      | Found a burning altar of Makhleb.
  7953 | D:8      | Became a worshipper of Makhleb the Destroyer
  8058 | D:8      | Reached skill level 5 in Short Blades
  8151 | D:8      | Found a snail-covered altar of Cheibriados.
  8323 | D:9      | Found a white marble altar of Elyvilon.
  8390 | D:9      | Noticed a two-headed ogre
  8420 | D:9      | Killed a two-headed ogre
  8421 | D:9      | Reached XP level 11. HP: 13/76 MP: 0/0
  8421 | D:9      | Learned a level 5 spell: Fireball
  8421 | D:9      | Noticed Harold
  8754 | D:9      | Found a shimmering altar of Xom.
  8910 | D:9      | Found an iron altar of Okawaru.
  9021 | D:9      | Killed Harold
  9063 | D:9      | Noticed Erica
  9084 | D:9      | Killed Erica
  9085 | D:9      | Reached skill level 9 in Dodging
  9667 | D:9      | Found a bloodstained altar of Trog.
  9735 | D:10     | Entered Level 10 of the Dungeon
  9994 | D:10     | Found a staircase to the Orcish Mines.
  9997 | D:10     | Reached * piety under Makhleb
 10155 | D:10     | Noticed a two-headed ogre
 10168 | D:10     | Killed a two-headed ogre
 10785 | D:10     | Identified the ring "Kuplymibb" {EV+5 Str+2}
 11029 | D:11     | Noticed a two-headed ogre
 11195 | D:11     | Killed a two-headed ogre
 11196 | D:11     | Reached skill level 1 in Invocations
 11580 | D:11     | Reached XP level 12. HP: 85/85 MP: 0/0
 11676 | D:11     | Reached ** piety under Makhleb
 11735 | D:11     | Reached skill level 1 in Ranged Weapons
 11937 | D:11     | Found a staircase to the Lair.
 12020 | D:11     | Noticed a two-headed ogre
 12032 | D:11     | Killed a two-headed ogre
 12042 | D:11     | Reached skill level 10 in Dodging
 12278 | Lair:1   | Entered Level 1 of the Lair of Beasts
 12552 | Lair:1   | Noticed a boulder beetle
 12583 | Lair:1   | Mangled by a boulder beetle

Illustrated notes

Levels and vault maps discovered:
D:1:      dpeg_arrival_round_c, layout_basic, dreamdust_mushroom_princess
D:2:      layout_basic, serial_shops, shop
D:3:      layout_basic, vehumet_altar_wand_db, portal_sewer_entry_b,
          fountainhead
D:4:      layout_cave_pools
D:5:      layout_basic, tso_altar, zin_angel, uniq_sigmund
D:6:      layout_basic, lemuel_tele_altar, nicolae_ru_sacrificial_ziggurat,
          nicolae_kikubaaqudgha_miasma_corner, uniq_maggie
D:7:      layout_cave_pools, mainiacjoe_overflow_alcove_1,
          gammafunk_temple_overflow_elements, minmay_temple_entry_offerings,
          chequers_mini_garden, minmay_misc_feat_rows
D:8:      layout_loops_ring, kennysheep_mini_moat, cheibriados_altar_1
D:9:      layout_irregular_city, kennysheep_mini, elyvilon_altar_3,
          kennysheep_okawaru_gauntlet, trog_ov_bears_minmay,
          serial_co_window_serial, co_window_paths_a, co_window_corner_a,
          co_window_cross_1, co_window_paths_a, co_window_of_opportunity_a,
          co_window_unsneaky_path_e, co_window_corner_ca, co_window_broadway_b,
          co_window_unsneaky_path_b, co_window_paths_d, glass_columns_b,
          glass_columns_b, glass_columns_b, glass_columns_a, glass_columns_a,
          uniq_erica, uniq_harold
D:10:     layout_roguey, minmay_orc_entry_temple_small, dk_noncrumbling_4
D:11:     layout_big_octagon, erik_lair_island, mrwooster_statue_mirror
Temple:   hellmonk_temple_of_storms
Lair:1:   layout_cave_pods, st_stairs_8, minmay_shattered_shrine

Skill      XL: |  1  2  3  4  5  6  7  8  9 10 11 12 |
---------------+-------------------------------------+-----
Stealth        | 2 3 4 5 6 7 8 |  8.0
Dodging        | 3 4 5 6 7 8 9 10 | 10.1
Spellcasting   | 3 4 5 6 7 |  7.7
Fighting       | 1 3 4 6 7 8 |  8.0
Short Blades   | 2 3 5 6 |  6.9
Invocations    | 1 4 |  4.2
Ranged Weapons | 2 |  2.1

Action                     |  1- 3 |  4- 6 |  7- 9 | 10-12 || total
---------------------------+-------+-------+-------+-------++-------
  Melee: Unarmed           |    16 |     8 |     5 |       ||    29
         Short sword       |       |       |    19 |    36 ||    55
         Falchion          |       |       |       |    14 ||    14
   Fire: Shortbow          |       |       |       |    42 ||    42
   Cast: Foxfire           |    55 |    99 |    69 |    82 ||   305
         Sting             |     6 |    25 |       |     1 ||    32
         Kindle Blastspark |       |     1 |    62 |    96 ||   159
         Poisonous Vapours |       |       |     6 |    91 ||    97
         Inner Flame       |       |       |     1 |    20 ||    21
         Passage of Golubr |       |       |       |     2 ||     2
         Flame Wave        |       |       |       |     5 ||     5
         Scorch            |       |       |       |     1 ||     1
         Momentum Strike   |       |       |       |     1 ||     1
    Use: Scroll            |     3 |     5 |    13 |     7 ||    28
         Potion            |     3 |       |     5 |     4 ||    12
   Stab: Sleeping          |     1 |     1 |     1 |     2 ||     5
 Armour: Robe              |     8 |    16 |    14 |       ||    38
         Steam dragon scal |       |       |       |    18 ||    18
         Troll leather arm |       |       |       |     8 ||     8
  Dodge: Dodged            |    28 |    35 |    59 |   185 ||   307

Table legend: (Time is in decaauts)
 A = Elapsed time spent in this place.
 B = Non-inter-level travel time spent in this place.
 C = Inter-level travel time spent in this place.
 D = Time resting spent in this place.
 E = Time spent auto-exploring this place.
 F = Levels seen in this place.
 G = Mean time per level.
                   A        B        C        D        E       F      G
               +--------+--------+--------+--------+--------+-----+--------+
         Total |  12617 |  12021 |    596 |   3173 |   5761 |  14 |  901.2 |
       Dungeon |  11925 |  11396 |    529 |   3026 |   5662 |  11 | 1084.1 |
        Temple |     39 |     30 |      9 |      0 |     22 |   1 |   39.0 |
          Lair |    283 |    225 |     58 |     39 |     46 |   1 |  283.0 |
         Sewer |    368 |    368 |      0 |    108 |     31 |   1 |  368.0 |
               +--------+--------+--------+--------+--------+-----+--------+

Top non-repeatable levels by time:
    D:10: 1759 daAuts
     D:9: 1522 daAuts
     D:1: 1314 daAuts
     D:5: 1300 daAuts
     D:8: 1248 daAuts
     D:6: 1043 daAuts
     D:2: 932 daAuts
    D:11: 852 daAuts
     D:7: 797 daAuts
     D:3: 659 daAuts
     D:4: 495 daAuts
   Sewer: 368 daAuts
  Lair:1: 283 daAuts
  Temple: 39 daAuts
